 Dungeon Crawl Stone Soup version 0.31-a0-182-gc5ef74bbde (webtiles) character file.

Game seed: 16117157497655577598

402 valliere the Sneak (level 6, 0/39 HPs)
             Began as an Octopode Air Elementalist on June 16, 2023.
             Slain by an orc priest
             ... wielding a +0 flail
              (7 damage)
             ... on level 5 of the Dungeon on June 21, 2023.
             The game lasted 00:11:35 (4261 turns).

valliere the Sneak (Octopode Air Elementalist)      Turns: 4261, Time: 00:11:36

Health: 0/39       AC:  1    Str:  7    XL:     6   Next: 85%
Magic:  8/10       EV: 14    Int: 19    God:
Gold:   228        SH:  0    Dex: 13    Spells: 6/11 levels left

rFire   . . .        (no weapon)
rCold   + . .        (no shield)
rNeg    . . .        (helmet restricted)
rPois   .            l - amulet of magic regeneration
rElec   .            k - ring of wizardry
rCorr   .            r - ring of see invisible
SInv    +            y - ring of protection from cold
Will    .....        (no ring)
Stlth   ++++         (no ring)
HPRegen 0.26/turn    (no ring)
MPRegen 0.52/turn    (no ring)
                     (no ring)

%: wizardry (x1)
@: no status effects
A: almost no armour, amphibious, 8 rings, camouflage 1, gelatinous body 1,
(nimble swimmer 1), tentacles
a: no special abilities


You were on level 5 of the Dungeon.
You visited 1 branch of the dungeon, and saw 5 of its levels.

You collected 228 gold pieces.

Inventory:

Missiles
 h - a throwing net
Jewellery
 k - a ring of wizardry (left tentacle)
 l - an amulet of magic regeneration (around mantle)
 r - a ring of see invisible (right tentacle)
 y - a ring of protection from cold (on tentacle)
Wands
 s - a wand of charming (6)
 t - a wand of roots (7)
 w - a wand of flame (1)
Scrolls
 g - 3 scrolls of enchant weapon {unknown}
 j - 3 scrolls of identify {unknown}
 m - a scroll of poison {unknown}
 n - a scroll of teleportation {unknown}
 o - 2 scrolls of fog {unknown}
 u - a scroll of immolation {unknown}
 v - a scroll of amnesia {unknown}
 x - a scroll of fear {unknown}
Potions
 a - 2 potions of magic
 b - a potion of attraction {unknown}
 c - a potion of brilliance {unknown}
 d - 3 potions of enlightenment {unknown}
 e - 4 potions of curing {unknown}
 f - 2 potions of degeneration {unknown}
 i - a potion of haste {unknown}
 p - 2 potions of mutation {unknown}
 q - a potion of lignification {unknown}
 z - 2 potions of cancellation {unknown}


   Skills:
 + Level 1.8 Fighting
 + Level 3.3 Dodging
 + Level 4.6 Stealth
 * Level 3.1 Spellcasting
 + Level 2.7 Conjurations
 * Level 4.5 Air Magic


You had 6 spell levels left.
You knew the following spells:

 Your Spells              Type           Power      Damage    Failure   Level
a - Shock                 Conj/Air       64%        1d7       1%          1
b - Airstrike             Air            10%        2d(2-18)  9%          4

Your spell library contained the following spells:

 Spells                   Type           Power      Damage    Failure   Level
 Static Discharge         Conj/Air       32%        2-4/arc   1%          2
 Swiftness                Air            20%        N/A       2%          3
 Freeze                   Ice            8%         1d3       6%          1


Dungeon Overview and Level Annotations

Branches:
Dungeon (5/15)
 Temple: D:4-7

Altars:
Dithmenos
Hepliaklqana
Kikubaaqudgha

Shops:
D:2 :

Annotations:
D:3 1 runed translucent door, Crazy Yiuf


Innate Abilities, Weirdness & Mutations

You cannot wear most types of armour.
You are amphibious.
You can wear up to eight rings at the same time.
Your skin changes colour to match your surroundings (Stealth+).
Your rubbery body absorbs attacks. (AC +1, EV +1)
((You are camouflaged when in or above water. (Stealth+)))
You have tentacles for arms and can constrict up to eight enemies at once.


Message History

Confirm with . or Enter, or press ? or * to list all spells.
Aiming: Shock (safe; 1% risk of failure)
Press: ? - help, Shift-Dir - straight line, f/p - orc priest
Aim: an orc priest, wielding a +0 club (moderately wounded, 71% to hit)
The zap hits the orc priest.
The orc priest is lightly wounded.
The zap hits the orc priest!
The orc priest is severely wounded.
The orc priest invokes the aid of Beogh against you.
Beogh smites you!
Casting: Shock (safe; 1% risk of failure)
Confirm with . or Enter, or press ? or * to list all spells.
Aiming: Shock (safe; 1% risk of failure)
Press: ? - help, Shift-Dir - straight line, f - orc, p - orc priest
Aim: an orc, wielding a +0 short sword (71% to hit)
The zap hits the orc priest.
The orc priest is moderately wounded.
The zap hits the orc priest.
The orc priest is severely wounded.
The zap misses the orc.
The orc priest invokes the aid of Beogh against you.
Beogh smites you!
The orc priest hits you with a +0 flail!
* * * LOW HITPOINT WARNING * * *
Unknown command.
Unknown command.
Casting: Shock (safe; 1% risk of failure)
Confirm with . or Enter, or press ? or * to list all spells.
Aiming: Shock (safe; 1% risk of failure)
Press: ? - help, Shift-Dir - straight line, f/p - orc
Aim: an orc, wielding a +0 short sword (71% to hit)
The zap hits the orc priest.
The orc priest is heavily wounded.
The zap hits the orc priest.
You kill the orc priest!
The zap hits the orc.
The orc is severely wounded.
An orc comes into view. It is wielding a +0 flail.
The orc priest hits you with a +0 flail!
You die...

............#
.#.......##.#
.#........#.#
.#........#.######
≈
.###'####........#
.. .# #.#
#........# .§≈ .#
#.# #........#
≈.≈. .###.#
#........# ...§.
.....#
#.†.....@##..≈.§.
######
#.#>.....oo..≈..≈
#.#.#######..≈...
#.#.# .≈≈≈≈ #.#.#
.... #.#.# #..
#.#.# . #.#.#
#.#.#


You could see an orc priest and an orc.

Vanquished Creatures
  Edmund (D:4)
  2 hounds
  2 orc priests
  Ijyb (D:3)
  An orc wizard (D:4)
  Robin (D:3)
  2 adders
  3 worms
  4 dart slugs
  9 orcs
  4 bats (D:3)
  7 endoplasms
  8 giant cockroaches
  14 goblins
  13 hobgoblins
  2 jackals (D:4)
  A quokka (D:4)
  8 ball pythons
  6 frilled lizards
  2 kobolds
  6 rats
97 creatures vanquished.

Notes
Turn   | Place    | Note
-------+----------+-------------------------------------------
     0 | D:1      | valliere the Octopode Air Elementalist began the quest for
                  | the Orb.
     0 | D:1      | Reached XP level 1. HP: 11/11 MP: 3/3
   259 | D:1      | Reached XP level 2. HP: 11/17 MP: 0/5
   703 | D:1      | Reached XP level 3. HP: 21/21 MP: 4/6
   797 | D:1      | Found a faded altar of an unknown god.
   800 | D:1      | Got Plato's Handbook of the Deep Freeze
  1612 | D:2      | Found an ancient bone altar of Kikubaaqudgha.
  1840 | D:2      | Found Iger's Book Boutique.
  1897 | D:3      | Reached XP level 4. HP: 27/27 MP: 5/7
  2358 | D:3      | Found a runed translucent door.
  2359 | D:3      | Noticed Crazy Yiuf
  2401 | D:3      | Upgraded the game from 0.31-a0-174-g85c54bcb58 to
                  | 0.31-a0-182-gc5ef74bbde
  2475 | D:3      | Noticed Robin
  2488 | D:3      | Killed Robin
  2602 | D:3      | Noticed Ijyb
  2610 | D:3      | Killed Ijyb
  2611 | D:3      | Reached skill level 1 in Fighting
  2611 | D:3      | Reached XP level 5. HP: 20/33 MP: 4/8
  3193 | D:4      | Noticed Edmund
  3214 | D:4      | Learned a level 4 spell: Airstrike
  3239 | D:4      | Killed Edmund
  3240 | D:4      | Reached XP level 6. HP: 18/39 MP: 1/10
  3538 | D:4      | Found a shadowy altar of Dithmenos.
  3712 | D:4      | Found a hazy altar of Hepliaklqana.
  3961 | D:5      | Entered Level 5 of the Dungeon
  4261 | D:5      | Slain by an orc priest

Illustrated notes

Levels and vault maps discovered:
D:1:      tarquinn_simple_flora_water_b, layout_basic,
          shapermc_ecumenical_altar_rom_forum, dk_noncrumbling_4
D:2:      layout_rooms, basic_altar, serial_shops, shop
D:3:      layout_loops_cross, solitary_fountain, uniq_robin, uniq_ijyb,
          uniq_crazy_yiuf_cottage
D:4:      layout_layer_cave, nicolae_dithmenos_shadow_blocks,
          worldfamousw_hep_ancestral_shrine, uniq_edmund
D:5:      layout_basic, zin_statuary, mainiacjoe_overflow_concentric_impassable

Skill      XL: |  1  2  3  4  5  6 |
---------------+-------------------+-----
Stealth        | 3 4 |  4.6
Fighting       | 1 |  1.8
Conjurations   | 2 |  2.7
Air Magic      | 4 |  4.5
Dodging        | 3 |  3.3
Spellcasting   | 3 |  3.1

Action                     |  1- 3 |  4- 6 || total
---------------------------+-------+-------++-------
  Melee: Unarmed           |    23 |     2 ||    25
         Tentacles         |    11 |     2 ||    13
         Constrict         |     7 |     1 ||     8
         Punch             |       |     1 ||     1
   Cast: Shock             |    93 |   145 ||   238
         Airstrike         |       |     2 ||     2
  Evoke: Wand              |       |     2 ||     2
 Armour: Skin              |     1 |     5 ||     6
  Dodge: Dodged            |    10 |    15 ||    25

Table legend: (Time is in decaauts)
 A = Elapsed time spent in this place.
 B = Non-inter-level travel time spent in this place.
 C = Inter-level travel time spent in this place.
 D = Time resting spent in this place.
 E = Time spent auto-exploring this place.
 F = Levels seen in this place.
 G = Mean time per level.
                   A        B        C        D        E       F      G
               +--------+--------+--------+--------+--------+-----+--------+
         Total |   4258 |   4117 |    141 |      0 |   3586 |   5 |  851.6 |
       Dungeon |   4258 |   4117 |    141 |      0 |   3586 |   5 |  851.6 |
               +--------+--------+--------+--------+--------+-----+--------+

Top non-repeatable levels by time:
     D:1: 1166 daAuts
     D:4: 1147 daAuts
     D:3: 945 daAuts
     D:2: 699 daAuts
     D:5: 299 daAuts
